 Dungeon Crawl Stone Soup version 0.17-a0-1939-ga475588 (webtiles) character file.

23 Television the Chopper (level 2, -1/22 HPs)
             Began as a Demonspawn Warper on Sept 29, 2015.
             Slain by an adder (5 damage)
             ... on level 2 of the Dungeon.
             The game lasted 00:02:28 (1237 turns).

Television the Chopper (Demonspawn Warper)          Turns: 1237, Time: 00:02:28

Health: -1/22      AC:  3    Str: 11    XL:     2   Next: 72%
Magic:  0/5        EV: 11    Int: 14    God:
Gold:   22         SH:  0    Dex: 12    Spells: 3 memorised, 0 levels left

rFire  . . .     SeeInvis .     a - +0 hand axe
rCold  . . .     Clarity  .     b - +0 leather armour
rNeg   . . .     SustAt   .     (no shield)
rPois  .         Gourm    .     (helmet restricted)
rElec  .         Spirit   .     (no cloak)
rCorr  .         Warding  .     (no gloves)
rMut   .         Stasis   .     (no boots)
MR     .....                    (no amulet)
Stlth  +.........               (no ring)
                                (no ring)

@: lethally poisoned (-1 -> -10), very slightly contaminated, not resistant to
hostile enchantments, very unstealthy
A: antennae 1
a: no special abilities


You were on level 2 of the Dungeon.
You were not hungry.

You visited 1 branch of the dungeon, and saw 2 of its levels.

You collected 22 gold pieces.

Inventory:

Hand weapons
 a - a +0 hand axe (weapon)
Missiles
 e - 5 tomahawks of dispersal (quivered)
 l - 19 stones
Armour
 b - a +0 leather armour (worn)
Scrolls
 d - a scroll of blinking
 h - a scroll of identify {unknown}
 i - a scroll of immolation {unknown}
 k - 2 scrolls of remove curse {unknown}
Books
 c - a book of Spatial Translocations

   Spells                             Type                      Level
   a - Apportation                    Translocation                1
   b - Blink                          Translocation                2
   c - Shroud of Golubria             Charms/Translocation         2
   d - Portal Projectile              Translocation                3
   e - Teleport Other                 Translocation                3
   f - Passage of Golubria            Translocation                4
Comestibles
 f - a bread ration
 g - a meat ration
 j - 5 chunks of flesh


   Skills:
 - Level 2.0 Fighting
 + Level 3.0 Axes
 - Level 0.8 Throwing
 - Level 0.8 Armour
 - Level 1.7 Dodging
 - Level 2.0 Spellcasting
 - Level 2.6 Translocations


You couldn't memorise any spells.
You knew the following spells:

 Your Spells              Type           Power        Failure   Level  Hunger
a - Apportation           Tloc           #.........   12%         1    ##.....
b - Blink                 Tloc           N/A          17%         2    ###....
c - Shroud of Golubria    Chrm/Tloc      #.........   30%         2    ###....


Dungeon Overview and Level Annotations

Branches:
Dungeon (2/15)

Altars:

Annotations:
D:1 digging


Innate Abilities, Weirdness & Mutations

You have a pair of small antennae on your head.


Message History

The adder bites you.
Casting: Shroud of Golubria
Confirm with . or Enter, or press ? or * to list all spells.
You miscast Shroud of Golubria.
Your skin tingles.
You feel sick. The adder barely misses you.
Unknown command.
You closely miss the adder.
The adder is moderately wounded.
You feel sick. The adder bites you.
You are lethally poisoned!
The adder poisons you! The adder bites you.
* * * LOW HITPOINT WARNING * * *
You miss the adder.
The adder is moderately wounded.
The adder closely misses you.
You hit the adder.
The adder is heavily wounded.
* * * LOW HITPOINT WARNING * * *
You feel sick. The adder closely misses you. The adder bites you.
You die...

..........##..##
######.####.##
###.# #.# #...#
#.# #.### #.# #
##.# #.# ##..
#..# #.#
.!...########.##
##.#
#.....#.S@..#
##..#
#####...#####
##.<## #####
#..## #.## #.#
#.# #.# #.#
#...........#


You could see an adder.

Vanquished Creatures
  A giant gecko (D:1)
  3 giant cockroaches (D:1)
  3 hobgoblins (D:1)
  2 jackals (D:1)
  2 bats
  3 giant newts (D:1)
  4 goblins (D:1)
  A kobold (D:1)
  4 rats (D:1)
23 creatures vanquished.

Notes
Turn   | Place    | Note
--------------------------------------------------------------
     0 | D:1      | Television the Demonspawn Warper began the quest for the Orb.
     0 | D:1      | Reached XP level 1. HP: 16/16 MP: 3/3
   453 | D:1      | Gained mutation: You have a pair of small antennae on your head. [demonic ancestry]
   453 | D:1      | Reached XP level 2. HP: 6/22 MP: 5/5
   728 | D:1      | Learned a level 2 spell: Blink
   731 | D:1      | Learned a level 2 spell: Shroud of Golubria
  1142 | D:1      | Reached skill level 3 in Axes
  1237 | D:2      | Slain by an adder

Vault maps used:
D:1:      dpeg_arrival_simpleton_b, serial_glass, glass_columns_c,
          glass_columns_c, due_unseen_surprise, minmay_cupped
D:2:      first_bread

Action                   || total
-------------------------++-------
Melee: Hand axe          ||    86
  Eat: Chunk             ||     1
